 Dungeon Sprint DCSS version 0.22-a0-460-g49b1da7 (webtiles) character file.

490 emperorscorpion the Unseen (level 7, -6/38 HPs)
             Began as a Vine Stalker Assassin on June 9, 2018.
             Was an Elder of Uskayaw.
             Mangled by a death knight
             ... wielding a +0 battleaxe
              (18 damage)
             ... in the Dungeon (Sprint IX: "|||||||||||||||||||||||||||||").
             The game lasted 00:01:25 (134 turns).

emperorscorpion the Unseen (Vine Stalker Assassin)   Turns: 134, Time: 00:01:25

Health: -6/38      AC:  8    Str: 13    XL:     7   Next: 14%
Magic:  0/8        EV: 13    Int: 11    God:    Uskayaw [****..]
Gold:   0          SH:  0    Dex: 18    Spells: 6/6 levels left

rFire    . . .     SeeInvis .   a - +2 rapier (venom)
rCold    . . .     Gourm    .   (no shield)
rNeg     . . .     Faith    .   c - +0 robe
rPois    .         Spirit   +   s - +0 helmet
rElec    .         Reflect  .   d - +0 cloak
rCorr    .         Harm     .   (no gloves)
MR       .....     NoTele   +   (no boots)
Stlth    ++++++....             (no amulet)
HPRegen  0.52/turn              u - +2 ring of protection
MPRegen  0.11/turn              v - +2 ring of protection

@: no status effects
A: fangs 2, regeneration 1, magic shield, antimagic bite, no potion heal 3, rot
immunity
a: Stomp, Line Pass, Renounce Religion


You were in the Dungeon.
You worshipped Uskayaw.
Uskayaw was noncommittal.
You were not hungry.

You visited 1 branch

Inventory:

Hand Weapons
 a - a +2 rapier of venom (weapon)
 b - a +0 blowgun
 r - a +2 dagger
Missiles
 e - 8 poisoned needles
 f - 2 curare-tipped needles
Armour
 c - a +0 robe (worn)
 d - a +0 cloak (worn)
 s - a +0 helmet (worn)
 t - a +1 chain mail
Magical Staves
 q - an uncursed staff of energy
Jewellery
 u - a +2 ring of protection (left hand)
 v - a +2 ring of protection (right hand)
Wands
 p - a wand of acid (10)
Scrolls
 m - 2 scrolls of blinking
 n - 3 scrolls of remove curse
 o - 2 scrolls of amnesia
Potions
 h - 5 potions of curing
 i - 3 potions of heal wounds
 j - a potion of haste
 k - 4 potions of magic
 l - a potion of invisibility
Comestibles
 g - a ration


   Skills:
 + Level 4.4 Fighting
 + Level 5.9 Short Blades
 + Level 3.3 Throwing
 + Level 2.3 Dodging
 + Level 15.2 Stealth


You had 6 spell levels left.
You didn't know any spells.
Your spell library was empty.

Dungeon Overview and Level Annotations

Branches:
Dungeon (1/1)

Altars:
Cheibriados
Dithmenos
Elyvilon
Fedhas
Gozag
Hepliaklqana
Kikubaaqudgha
Makhleb
Nemelex Xobeh
Okawaru
Qazlal
Ru
Sif Muna
Trog
Uskayaw
Vehumet
Wu Jian
Xom
Yredelemnul
Zin
The Shining One
Beogh
Jiyva
Lugonu


Innate Abilities, Weirdness & Mutations

You have extremely sharp teeth.
Your natural rate of healing is unusually fast.
When hurt, damage is shared between your health and your magic reserves.
Your bite disrupts and absorbs the magic of your enemies.
Potions cannot restore your health.
You are immune to rotting.


Message History

The big kobold barely misses you.
You puncture the big kobold!
You kill the big kobold!
You have reached level 7!
Things that are here:
a dagger; 3 stones You open the door.
A bullfrog, a scorpion, a death knight, an ogre, a troll and a howler monkey come into view.
The bullfrog gives a loud, deep croak!
The death knight shouts!
The troll shouts!
The death knight hits you with a battleaxe!
* * * LOW HITPOINT WARNING * * *
You can no longer merge with and destroy a victim.
There is an open door, spattered with blood here.
The ogre shouts!
You hit the death knight but do no damage.
The death knight is poisoned.
You bite the death knight, but do no damage.
The death knight hits you with a battleaxe!!
You die...

▓.▓
▓'▓
▓†▓
▓†▓
▓)▓
▓.▓
▓.▓
▓.▓
▓@▓
▓p▓
▓F▓
▓h▓
▓T▓
▓s▓
▓O▓
▓+▓


You could see a death knight, a troll, an ogre, a bullfrog, a scorpion and a
howler monkey.

Vanquished Creatures
  A wraith (D)
  A sky beast (D)
  A centaur (D)
  A big kobold (D)
  A howler monkey (D)
  A jelly (D)
  2 adders (D)
  An adder skeleton (D)
  A worm (D)
  A dart slug (D)
  A leopard gecko (D)
  A ball python (D)
  A bat zombie (D)
  2 bats (D)
16 creatures vanquished.

Notes
Turn   | Place    | Note
-------+----------+-------------------------------------------
     0 | D        | emperorscorpion the Vine Stalker Assassin began the quest for the Orb.
     0 | D        | Reached XP level 1. HP: 11/11 MP: 2/2
     5 | D        | Reached skill level 5 in Stealth
     7 | D        | Reached skill level 1 in Dodging
     7 | D        | Reached skill level 6 in Stealth
    10 | D        | Reached XP level 2. HP: 15/15 MP: 3/3
    17 | D        | Noticed a howler monkey
    17 | D        | Noticed a centaur
    19 | D        | Reached skill level 7 in Stealth
    23 | D        | Killed a howler monkey
    23 | D        | Reached skill level 9 in Stealth
    23 | D        | Reached XP level 3. HP: 18/18 MP: 4/4
    23 | D        | Gained mutation: Your natural rate of healing is unusually fast. [Vine Stalker growth]
    23 | D        | Reached XP level 4. HP: 23/23 MP: 5/5
    30 | D        | Killed a centaur
    30 | D        | Reached skill level 11 in Stealth
    30 | D        | Reached XP level 5. HP: 26/28 MP: 4/6
    38 | D        | Found a roughly hewn altar of Beogh.
    38 | D        | Found a snail-covered altar of Cheibriados.
    38 | D        | Found a shadowy altar of Dithmenos.
    38 | D        | Found a white marble altar of Elyvilon.
    38 | D        | Found a blossoming altar of Fedhas.
    38 | D        | Found an opulent altar of Gozag.
    39 | D        | Found a hazy altar of Hepliaklqana.
    40 | D        | Found a viscous altar of Jiyva.
    41 | D        | Found an ancient bone altar of Kikubaaqudgha.
    42 | D        | Found a corrupted altar of Lugonu.
    43 | D        | Found a burning altar of Makhleb.
    44 | D        | Found a sparkling altar of Nemelex Xobeh.
    45 | D        | Found an iron altar of Okawaru.
    46 | D        | Found a stormy altar of Qazlal.
    47 | D        | Found a sacrificial altar of Ru.
    48 | D        | Found a deep blue altar of Sif Muna.
    49 | D        | Found a bloodstained altar of Trog.
    50 | D        | Found a hide-covered altar of Uskayaw.
    51 | D        | Found a radiant altar of Vehumet.
    52 | D        | Found an ornate altar of the Wu Jian Council.
    53 | D        | Found a shimmering altar of Xom.
    54 | D        | Found a basalt altar of Yredelemnul.
    55 | D        | Found a glowing silver altar of Zin.
    56 | D        | Found a glowing golden altar of the Shining One.
    58 | D        | Became a worshipper of Uskayaw the Reveler
    95 | D        | Noticed a sky beast
    95 | D        | Noticed a wraith
    95 | D        | Noticed a big kobold
    97 | D        | Killed a sky beast
    97 | D        | Reached skill level 13 in Stealth
    97 | D        | Reached XP level 6. HP: 32/32 MP: 7/7
    97 | D        | Reached * piety under Uskayaw
   101 | D        | Reached ** piety under Uskayaw
   106 | D        | Reached *** piety under Uskayaw
   111 | D        | Reached **** piety under Uskayaw
   119 | D        | Killed a wraith
   119 | D        | Reached skill level 5 in Short Blades
   119 | D        | Reached skill level 15 in Stealth
   119 | D        | Reached ***** piety under Uskayaw
   127 | D        | Reached XP level 7. HP: 20/38 MP: 4/8
   132 | D        | Noticed a death knight
   132 | D        | Noticed a troll
   134 | D        | Mangled by a death knight

Vault maps used:
D:        linesprint

Skill      XL: |  1  2  3  4  5  6 |
---------------+-------------------+-----
Stealth        | 6 9 11 13 15 | 15.2
Dodging        | 1 2 |  2.3
Short Blades   | 2 3 4 5 |  5.9
Fighting       | 2 3 4 |  4.4
Throwing       | 2 3 |  3.3

Action                   |  1- 3 |  4- 6 |  7- 9 || total
-------------------------+-------+-------+-------++-------
Melee: Dagger            |    11 |     9 |       ||    20
       Bite              |     3 |    10 |     1 ||    14
       Rapier            |       |    29 |     1 ||    30
  Use: Potion            |     1 |       |       ||     1
 Stab: Sleeping          |     4 |     1 |       ||     5
       Paralysed         |       |     2 |       ||     2
Armor: Robe              |     1 |     9 |       ||    10
Dodge: Dodged            |     8 |    18 |       ||    26

Table legend:
 A = Spawn XP
 B = Non-spawn XP
 C = Spawn XP percentage of total XP
 D = Spawn monster count
 E = Non-spawn monster count
 F = Spawn count percentage of total count
 G = Total turns spent on level
                    A         B        C        D         E        F      G
               +---------+---------+-------+---------+---------+-------+---------
         Total |       0 |     701 |   0.0 |       0 |      16 |   0.0 |   134
               +---------+---------+-------+---------+---------+-------+---------
             D |       0 |     701 |   0.0 |       0 |      16 |   0.0 |   134
               +---------+---------+-------+---------+---------+-------+---------
